 Dungeon Crawl Stone Soup version 0.31.0-11-ge490571c62 (webtiles) character file.

Game seed: 677660687042209306

1028 NamelessAdventurer the Ducker (level 8, 0/100 HPs)
             Began as a Gnoll Monk on Feb 9, 2024.
             Was a Priest of Qazlal.
             Slain by Edmund
             ... wielding a +1 heavy flail
              (5 damage)
             ... on level 5 of the Dungeon.
             The game lasted 00:12:06 (4749 turns).

NamelessAdventurer the Ducker (Gnoll Monk)          Turns: 4749, Time: 00:12:07

Health: 0/100      AC: 24    Str: 10    XL:     8   Next: 23%
Magic:  12/12      EV:  2    Int: 11    God:    Qazlal [***...]
Gold:   306        SH:  0    Dex: 18    Spells: 2/13 levels left

rFire   . . .        a - +1 hand axe (heavy)
rCold   . . .        v - orb {mayhem}
rNeg    . . .        b - melded +0 robe
rPois   +            (helmet currently unavailable)
rElec   .            (cloak currently unavailable)
rCorr   .            (gloves currently unavailable)
SInv    .            (boots currently unavailable)
Will    .....        j - amulet of magic regeneration
Stlth   +            n - ring of poison resistance
HPRegen 0.36/turn    (no ring)
MPRegen 0.53/turn

%: mayhem
@: confused, tree-form, ambrosia-drunk, weakened
A: stationary, stasis, torment immunity, boosted hp, (fangs 1), strong nose,
distributed training, agile 1, (fire resistance 1)
a: Renounce Religion, Upheaval, Elemental Force


You were on level 5 of the Dungeon.
You worshipped Qazlal.
Qazlal was most pleased with you.
You were a tree.
You visited 2 branches of the dungeon, and saw 6 of its levels.

You collected 306 gold pieces.

Inventory:

Hand Weapons
 a - a +1 heavy hand axe (weapon)
Missiles
 l - a boomerang (quivered)
 s - 7 poisoned darts
Armour
 b - a +0 robe (melded)
 d - an orb of light
 v - an orb of mayhem (worn)
Jewellery
 j - an amulet of magic regeneration (around neck)
 n - a ring of poison resistance (left branch)
Wands
 p - a wand of iceblast (11)
Scrolls
 q - a scroll of poison
 r - a scroll of revelation
 t - 3 scrolls of amnesia
 u - a scroll of fog
Potions
 c - a potion of ambrosia
 e - a potion of magic {unknown}
 h - a potion of brilliance {unknown}
 i - a potion of enlightenment {unknown}
 k - 3 potions of degeneration
 m - a potion of invisibility
 o - a potion of attraction {unknown}


   Skills:
 + Level 7.3 Fighting
 + Level 3.2 Short Blades
 + Level 3.2 Long Blades
 + Level 7.3 Axes
 + Level 3.2 Maces & Flails
 + Level 3.2 Polearms
 + Level 3.2 Staves
 + Level 3.2 Ranged Weapons
 + Level 3.2 Throwing
 + Level 3.2 Armour
 + Level 7.3 Dodging
 + Level 3.2 Stealth
 + Level 3.2 Shields
 + Level 3.2 Unarmed Combat
 + Level 3.2 Spellcasting
 + Level 2.6 Conjurations
 + Level 2.6 Hexes
 + Level 2.6 Summonings
 + Level 2.6 Necromancy
 + Level 2.6 Translocations
 + Level 2.6 Fire Magic
 + Level 2.6 Ice Magic
 + Level 2.6 Air Magic
 + Level 2.6 Earth Magic
 + Level 2.6 Alchemy
 + Level 3.5 Invocations
 + Level 3.2 Evocations
 + Level 2.9 Shapeshifting


You had 2 spell levels left.
You knew the following spells:

 Your Spells              Type           Power      Damage    Failure   Level
a - Tukima's Dance        Hex            7%         N/A       26%         3
b - Dazzling Flash        Conj/Hex       14%        N/A       26%         3
c - Yara's Violent Unrav  Hex/Alch       3%         3d4       94%         5

Your spell library contained the following spells:

 Spells                   Type           Power      Damage    Failure   Level
 Volatile Blastmotes      Fire/Tloc      14%        2d11      26%         3
 Passage of Golubria      Tloc           7%         N/A       65%         4
 Starburst                Conj/Fire      3%         6d3       100%        6
 Maxwell's Capacitive Co  Air            3%         ∞         100%        8


Dungeon Overview and Level Annotations

Branches:
Dungeon (5/15)             Temple (1/1) D:4

Altars:
Fedhas
Kikubaaqudgha
Okawaru
Qazlal
Sif Muna
Trog
Uskayaw
Wu Jian
Yredelemnul
Zin

Shops:
D:4 :

Annotations:
D:5 Edmund


Innate Abilities, Weirdness & Mutations

You are a tree.
Your roots penetrate the ground, keeping you stationary.
You cannot be teleported.
You are immune to unholy pain and torment.
Your maximum health is greatly increased.
Your equipment is partially melded.
((You have very sharp teeth.))
Your uncanny sense of smell can sniff out nearby items.
Your experience applies equally to all skills.
You are agile. (Dex +4, Str/Int -1)
((Your flesh is heat resistant. (rF+)))


Message History

Your roots penetrate the ground.
The gnoll bouda hits you but does no damage.
You closely miss the gnoll bouda.
The gnoll bouda is almost dead.
The gnoll bouda hits you with a +0 club.
* * * LOW HITPOINT WARNING * * *
You slash the gnoll bouda!
You kill the gnoll bouda!
Qazlal accepts your kill.
You can now give life to nearby clouds.
Edmund flies into a frenzy!
The gnoll is no longer moving quickly.
Edmund hits the gnoll with a +1 heavy flail!!
The gnoll dies!
Qazlal accepts your kill.
The white imp shouts, "Fly, thou pandering folly-fallen clotpole!"
The white imp hits you but does no damage.
You hit the white imp.
The white imp is moderately wounded.
Edmund hits the white imp with a +1 heavy flail.
The white imp hits you but does no damage.
Edmund hits the white imp with a +1 heavy flail!!
The white imp dies!
Qazlal accepts your kill.
Aiming: Iceblast
Press: ? - help, Shift-Dir - straight line, f - Edmund
Aim: Edmund, wielding a +1 heavy flail and wearing a +0 chain mail (lightly wounded, fast, strong, frenzied and wild, unaware)
The mass of ice explodes!
The iceblast engulfs Edmund!
Edmund is moderately wounded.
Edmund shouts!
Aiming: Upheaval
Press: ? - help, Dir - move target, f/p - Edmund
Aim: Edmund, wielding a +1 heavy flail and wearing a +0 chain mail (moderately wounded, fast, strong, frenzied and wild)
A blizzard blasts the area with ice!
The blast of ice hits Edmund!
Edmund is heavily wounded.
Edmund is flash-frozen.
Edmund hits you with a +1 heavy flail!
* * * LOW HITPOINT WARNING * * *
Unknown command.
You are confused.
You feel invigorated. Edmund hits you with a +1 heavy flail.
You die...

#.....# #. #.....#
#'#.... ## #.....#
#.#... # #.....#
#.... .. #.....#####
#g.g .## ####.#....#
#..# .... #.#....#
#..# ..... ∆
#.#....###..#%.....
#.....§♣@).........
#..#....##).##......
..#########..# .....
#P #5.# .... # ...#
... ##.## .. #.# .
#..


You could see the neutral Edmund (fast, strong, frenzied, frozen).

Vanquished Creatures
  Menkaure (D:4)
  A phantom (D:4)
  3 scorpions
  A howler monkey (D:4)
  3 quasits (D:4)
  A gnoll bouda (D:5)
  2 iguanas (D:4)
  Natasha (thrice) (D:2)
  An orc wizard (D:5)
  A mummy (D:4)
  5 gnolls
  6 adders
  6 shadow imps (D:4)
  A white imp (D:4)
  An ufetubus (D:4)
  2 ribbon worms
  6 orcs
  5 ball pythons
  6 endoplasms
  2 giant cockroaches
  8 goblins
  12 hobgoblins
  4 quokkas
  4 bats
  2 frilled lizards
  2 hobgoblin zombies (D:4)
  6 kobolds
  2 orc zombies (D:4)
  7 rats
104 creatures vanquished.

Vanquished Creatures (collateral kills)
  Blork the orc (D:4)
  A gnoll (D:5)
  A white imp (D:5)
3 creatures vanquished.

Vanquished Creatures (others)
  A gnoll (D:5)
1 creature vanquished.

Grand Total: 108 creatures vanquished

Notes
Turn   | Place    | Note
-------+----------+-------------------------------------------
     0 | D:1      | NamelessAdventurer the Gnoll Monk began the quest for the
                  | Orb.
     0 | D:1      | Reached XP level 1. HP: 23/23 MP: 1/1
   493 | D:1      | Reached XP level 2. HP: 29/29 MP: 2/2
   783 | D:2      | Reached XP level 3. HP: 34/35 MP: 3/3
   902 | D:2      | Learned a level 3 spell: Tukima's Dance
  1094 | D:2      | Noticed Natasha
  1099 | D:2      | Killed Natasha
  1100 | D:2      | Reached skill level 1 in Short Blades
  1100 | D:2      | Reached skill level 1 in Long Blades
  1100 | D:2      | Reached skill level 1 in Maces & Flails
  1100 | D:2      | Reached skill level 1 in Polearms
  1100 | D:2      | Reached skill level 1 in Staves
  1100 | D:2      | Reached skill level 1 in Ranged Weapons
  1100 | D:2      | Reached skill level 1 in Throwing
  1100 | D:2      | Reached skill level 1 in Armour
  1100 | D:2      | Reached skill level 1 in Stealth
  1100 | D:2      | Reached skill level 1 in Shields
  1100 | D:2      | Reached skill level 1 in Unarmed Combat
  1100 | D:2      | Reached skill level 1 in Spellcasting
  1100 | D:2      | Reached skill level 1 in Invocations
  1100 | D:2      | Reached skill level 1 in Evocations
  1103 | D:2      | Noticed Natasha
  1126 | D:2      | Killed Natasha
  1127 | D:2      | Reached skill level 1 in Conjurations
  1127 | D:2      | Reached skill level 1 in Hexes
  1127 | D:2      | Reached skill level 1 in Summonings
  1127 | D:2      | Reached skill level 1 in Necromancy
  1127 | D:2      | Reached skill level 1 in Translocations
  1127 | D:2      | Reached skill level 1 in Fire Magic
  1127 | D:2      | Reached skill level 1 in Ice Magic
  1127 | D:2      | Reached skill level 1 in Air Magic
  1127 | D:2      | Reached skill level 1 in Earth Magic
  1127 | D:2      | Reached skill level 1 in Alchemy
  1127 | D:2      | Reached skill level 1 in Shapeshifting
  1127 | D:2      | Reached XP level 4. HP: 23/41 MP: 5/5
  1253 | D:2      | Gained mutation: Your flesh is heat resistant. (rF+)
                  | [potion of mutation]
  1253 | D:2      | Gained mutation: You are agile. (Dex +4, Str/Int -1)
                  | [potion of mutation]
  1263 | D:2      | Noticed Natasha
  1270 | D:2      | Killed Natasha
  1631 | D:4      | Reached XP level 5. HP: 47/47 MP: 7/7
  1637 | D:4      | Noticed Blork the orc
  1647 | D:4      | Killed Blork the orc
  1704 | D:4      | Reached XP level 6. HP: 35/53 MP: 8/8
  2069 | D:4      | Noticed Menkaure
  2075 | D:4      | Killed Menkaure
  2133 | D:4      | Found Imoriuju's Book Shop.
  2142 | D:4      | Found a staircase to the Ecumenical Temple.
  2196 | Temple   | Entered the Ecumenical Temple
  2265 | Temple   | Became a worshipper of Qazlal Stormbringer
  2265 | Temple   | Reached * piety under Qazlal
  2265 | Temple   | Reached ** piety under Qazlal
  2377 | D:4      | Reached XP level 7. HP: 49/60 MP: 10/10
  3712 | D:3      | Learned a level 3 spell: Dazzling Flash
  3718 | D:3      | Learned a level 5 spell: Yara's Violent Unravelling
  4471 | D:2      | You fall into a shaft and drop 2 floors!
  4505 | D:5      | Entered Level 5 of the Dungeon
  4555 | D:5      | Reached XP level 8. HP: 58/67 MP: 12/12
  4726 | D:5      | Noticed Edmund
  4745 | D:5      | Reached *** piety under Qazlal
  4748 | D:5      | HP: 1/100 [Edmund/+1 heavy flail (13)]
  4749 | D:5      | Slain by Edmund

Illustrated notes

Levels and vault maps discovered:
D:1:      nzn_arrival_depleted_hourglass, layout_basic
D:2:      layout_basic, uniq_natasha
D:3:      layout_loops_corners, serial_bayou_ford_a, minmay_misc_feat_hallway,
          minmay_between
D:4:      wander_river, layout_basic, temple_pool_b, serial_shops, shop,
          serial_demonic, serial_demonic_d, serial_demonic_d, serial_demonic_c,
          serial_demonic_d, serial_demonic_f, serial_demonic_b,
          minmay_mini_ossuary, uniq_menkaure, uniq_blork_the_orc
D:5:      old_forge, layout_basic, serial_shops, kennysheep_little_box,
          uniq_prince_ribbit1, uniq_edmund, uniq_pikel
Temple:   chequers_temple_sunken

Skill      XL: |  1  2  3  4  5  6  7 |
---------------+----------------------+-----
Short Blades   | 1 2 3 |  3.2
Long Blades    | 1 2 3 |  3.2
Maces & Flails | 1 2 3 |  3.2
Polearms       | 1 2 3 |  3.2
Staves         | 1 2 3 |  3.2
Ranged Weapons | 1 2 3 |  3.2
Throwing       | 1 2 3 |  3.2
Armour         | 1 2 3 |  3.2
Stealth        | 1 2 3 |  3.2
Shields        | 1 2 3 |  3.2
Unarmed Combat | 1 2 3 |  3.2
Spellcasting   | 1 2 3 |  3.2
Invocations    | 1 2 3 |  3.5
Evocations     | 1 2 3 |  3.2
Conjurations   | 1 2 |  2.6
Hexes          | 1 2 |  2.6
Summonings     | 1 2 |  2.6
Necromancy     | 1 2 |  2.6
Translocations | 1 2 |  2.6
Fire Magic     | 1 2 |  2.6
Ice Magic      | 1 2 |  2.6
Air Magic      | 1 2 |  2.6
Earth Magic    | 1 2 |  2.6
Alchemy        | 1 2 |  2.6
Shapeshifting  | 1 2 |  2.9
Fighting       | 7 |  7.3
Axes           | 7 |  7.3
Dodging        | 7 |  7.3

Action                     |  1- 3 |  4- 6 |  7- 9 || total
---------------------------+-------+-------+-------++-------
  Melee: Hand axe          |    42 |    54 |   115 ||   211
         Bite              |     4 |     6 |    13 ||    23
  Throw: Dart              |       |     2 |    11 ||    13
         Boomerang         |       |       |    39 ||    39
   Cast: Tukima's Dance    |       |     1 |       ||     1
 Invoke: Upheaval          |       |       |     1 ||     1
  Evoke: Wand              |       |       |     1 ||     1
    Use: Scroll            |     5 |     4 |     2 ||    11
         Potion            |     3 |     2 |     4 ||     9
 Armour: Robe              |    32 |    30 |    86 ||   148
         Skin              |    12 |       |     6 ||    18
  Dodge: Dodged            |    34 |    62 |   126 ||   222
